General information
- name: BNet
- type: Ladder team game (AT/RT)
- host: Battle.net
- saver: TheAnnouncer
map: MarketSquare
- players: 8
- length: 34:49
- speed: Fast
- version: 1.26 W3XP
- replay type: Public
» download(164 KB)
Players
team 1 (winner)

»
Glock_Party (
red | 37 APM | 1295 actions | 34:48)
6 Goblin Tinker
1 Pocket Factory
3 Engineering Upgrade
1 Cluster Rockets
1 Robo-Goblin
4 Keeper of the Grove
2 Thorns Aura
2 Entangling Roots
2 Goblin Alchemist
1 Acid Bomb
1 Chemical Rage
» actions
| Build / train | 81 | |
| Enter build submenu | 19 | |
| Enter hero's abilities submenu | 12 | |
| Give item / drop item | 2 | |
| Remove unit from queue | 2 | |
| Right click | 696 | |
| Select / deselect | 399 | |
| Use ability | 84 | |
1295 total
» units
| Wisp | 19 | |
| Archer | 3 | |
| Huntress | 5 | |
| Druid of the Claw | 8 | |
| Dryad | 4 | |
| Glaive Thrower | 4 | |
43 total
» upgrades
| Reinforced Hides | 3 | |
| Strength of the Wild | 3 | |
| Druid of the Claw Training | 2 | |
| Well Spring | 1 | |
| Mark of the Claw | 1 | |
| Abolish Magic | 1 | |
| Ultravision | 1 | |
| Nature's Blessing | 1 | |
| Vorpal Blades | 1 | |
| Sentinel | 1 | |
| Strength of the Moon | 3 | |
18 total
» buildings
| Altar of Elders | 1 | |
| Moon Well | 10 | |
| Ancient of War | 1 | |
| Hunter's Hall | 1 | |
| Ancient of Wonders | 1 | |
| Ancient Protector | 2 | |
| Tree of Ages | 1 | |
| Tree of Eternity | 1 | |
| Ancient of Lore | 2 | |
| Tree of Life | 1 | |
21 total
» build order
00:23 Altar of Elders
00:32 Moon Well
00:36 Moon Well
00:49 Ancient of War
01:38 Moon Well
02:34 Hunter's Hall
02:53 Ancient of Wonders
03:28 Moon Well
03:44 Ancient Protector
04:52 Moon Well
05:36 Tree of Ages
05:50 Moon Well
07:04 Moon Well
08:42 Tree of Eternity
08:58 Ancient of Lore
09:02 Ancient of Lore
10:49 Moon Well
15:55 Tree of Life
20:17 Moon Well
22:34 Ancient Protector
24:15 Moon Well
» items
ImGoingToKillU (
teal | 30 APM | 1030 actions | 34:48)
5 Blademaster
1 Wind Walk
1 Mirror Image
3 Critical Strike
5 Far Seer
3 Feral Spirit
2 Chain Lighting
» actions
| Basic commands | 2 | |
| Build / train | 72 | |
| Enter build submenu | 20 | |
| Enter hero's abilities submenu | 10 | |
| Give item / drop item | 5 | |
| Right click | 617 | |
| Select / deselect | 237 | |
| Use ability | 67 | |
1030 total
» units
| Peon | 14 | |
| Grunt | 2 | |
| Troll Headhunter/Berserker | 5 | |
| Wind Rider | 15 | |
36 total
» upgrades
| Ranged Weapons | 3 | |
| Armor | 3 | |
| Envenomed Spears | 1 | |
7 total
» buildings
| Altar of Storms | 1 | |
| Orc Burrow | 8 | |
| Barracks | 1 | |
| Voodoo Lounge | 1 | |
| War Mill | 1 | |
| Stronghold | 1 | |
| Beastiary | 1 | |
| Fortress | 1 | |
| Great Hall | 6 | |
21 total
» build order
00:07 Altar of Storms
00:10 Orc Burrow
00:15 Barracks
01:51 Orc Burrow
02:28 Voodoo Lounge
02:48 War Mill
04:25 Orc Burrow
04:39 Stronghold
05:27 Orc Burrow
07:10 Beastiary
07:59 Fortress
08:48 Orc Burrow
20:29 Great Hall
20:36 Orc Burrow
22:31 Orc Burrow
24:14 Great Hall
24:24 Orc Burrow
25:42 Great Hall
27:45 Great Hall
29:49 Great Hall
30:31 Great Hall
» items
| Healing Salve | 5 | |
| Lesser Clarity Potion | 5 | |
| Orb of Lightning | 2 | |
| Scroll of Town Portal | 3 | |
15 total
KWARD (
yellow | 19 APM | 649 actions | 34:48)
6 Blademaster
3 Wind Walk
2 Critical Strike
1 Bladestorm
5 Shadow Hunter
3 Healing Wave
1 Hex
1 Serpent Ward
» actions
| Assign group hotkey | 13 | |
| Basic commands | 17 | |
| Build / train | 70 | |
| ESC pressed | 1 | |
| Enter build submenu | 25 | |
| Enter hero's abilities submenu | 11 | |
| Give item / drop item | 2 | |
| Right click | 212 | |
| Select / deselect | 202 | |
| Select group hotkey | 50 | |
| Use ability | 46 | |
649 total
» units
| Peon | 18 | |
| Wind Rider | 6 | |
| Shaman | 3 | |
| Demolisher | 6 | |
33 total
» upgrades
| Ranged Weapons | 3 | |
| Armor | 3 | |
| Envenomed Spears | 1 | |
| Reinforced Defenses | 1 | |
| Spiked Barricades | 3 | |
| Shaman Training | 2 | |
| Burning Oil | 1 | |
14 total
» buildings
| Altar of Storms | 1 | |
| Orc Burrow | 8 | |
| Stronghold | 1 | |
| Voodoo Lounge | 1 | |
| War Mill | 1 | |
| Beastiary | 2 | |
| Fortress | 1 | |
| Great Hall | 1 | |
| Watch Tower | 6 | |
| Spirit Lodge | 1 | |
| Barracks | 2 | |
25 total
» build order
00:24 Altar of Storms
00:40 Orc Burrow
02:10 Stronghold
02:27 Voodoo Lounge
02:46 Orc Burrow
02:52 War Mill
03:47 Orc Burrow
04:34 Beastiary
04:52 Beastiary
05:44 Fortress
07:13 Orc Burrow
08:18 Orc Burrow
12:37 Great Hall
13:10 Watch Tower
15:23 Watch Tower
16:04 Spirit Lodge
16:30 Watch Tower
18:12 Watch Tower
18:18 Orc Burrow
19:54 Watch Tower
20:18 Orc Burrow
20:56 Barracks
21:23 Watch Tower
24:06 Barracks
25:14 Orc Burrow
» items
| Healing Salve | 1 | |
| Orb of Lightning | 1 | |
| Boots of Speed | 2 | |
| Periapt of Vitality | 2 | |
| Staff of Teleportation | 2 | |
8 total
TimDawg (
purple | 41 APM | 1425 actions | 34:48)
5 Far Seer
2 Feral Spirit
2 Chain Lighting
1 Earth Quake
5 Shadow Hunter
2 Healing Wave
3 Serpent Ward
» actions
| Assign group hotkey | 27 | |
| Build / train | 61 | |
| Enter build submenu | 25 | |
| Enter hero's abilities submenu | 11 | |
| Remove unit from queue | 1 | |
| Right click | 380 | |
| Select / deselect | 196 | |
| Select group hotkey | 520 | |
| Use ability | 204 | |
1425 total
» units
| Peon | 14 | |
| Troll Headhunter/Berserker | 7 | |
| Spirit Walker | 4 | |
| Tauren | 3 | |
| Demolisher | 3 | |
31 total
» upgrades
| Armor | 3 | |
| Melee Weapons | 2 | |
| Reinforced Defenses | 1 | |
| Spirit Walker Training | 2 | |
| Pulverize | 1 | |
| Troll Regeneration | 1 | |
| Berserker Upgrade | 1 | |
| Burning Oil | 1 | |
12 total
» buildings
| Altar of Storms | 1 | |
| Orc Burrow | 8 | |
| War Mill | 1 | |
| Barracks | 1 | |
| Stronghold | 1 | |
| Watch Tower | 3 | |
| Fortress | 1 | |
| Spirit Lodge | 2 | |
| Voodoo Lounge | 1 | |
| Tauren Totem | 3 | |
| Great Hall | 4 | |
26 total
» build order
00:10 Altar of Storms
00:13 Orc Burrow
00:44 War Mill
01:22 Barracks
01:46 Orc Burrow
03:03 Stronghold
04:06 Watch Tower
04:10 Watch Tower
04:19 Watch Tower
05:09 Orc Burrow
05:50 Fortress
05:56 Orc Burrow
07:15 Spirit Lodge
07:25 Spirit Lodge
07:38 Voodoo Lounge
07:47 Orc Burrow
07:51 Orc Burrow
08:46 Tauren Totem
08:53 Tauren Totem
09:00 Tauren Totem
09:46 Orc Burrow
16:01 Orc Burrow
18:12 Great Hall
19:53 Great Hall
20:18 Great Hall
21:14 Great Hall
team 2 (loser)
melosdior (
green | 30 APM | 995 actions | 33:05)
4 Death Knight
2 Death Coil
2 Unholy Aura
3 Dark Ranger
2 Black Arrow
1 Life Drain
» actions
| Assign group hotkey | 110 | |
| Basic commands | 2 | |
| Build / train | 46 | |
| Enter build submenu | 17 | |
| Enter hero's abilities submenu | 7 | |
| Give item / drop item | 2 | |
| Remove unit from queue | 1 | |
| Right click | 334 | |
| Select / deselect | 174 | |
| Select group hotkey | 245 | |
| Use ability | 57 | |
995 total
» units
| Acolyte | 5 | |
| Ghoul | 4 | |
| Crypt Fiend | 5 | |
| Obsidian Statue | 4 | |
| Frost Wyrm | 3 | |
21 total
» upgrades
| Creature Attack | 3 | |
| Web | 1 | |
| Freezing Breath | 1 | |
5 total
» buildings
| Ziggurat | 7 | |
| Altar of Darkness | 1 | |
| Crypt | 2 | |
| Graveyard | 1 | |
| Tomb of Relics | 1 | |
| Nerubian Tower | 3 | |
| Halls of the Dead | 1 | |
| Slaughterhouse | 1 | |
| Black Citadel | 1 | |
| Sacrificial Pit | 1 | |
| Boneyard | 2 | |
21 total
» build order
00:09 Ziggurat
00:17 Altar of Darkness
00:39 Crypt
01:02 Graveyard
01:15 Tomb of Relics
01:27 Nerubian Tower
01:55 Ziggurat
03:20 Halls of the Dead
04:55 Crypt
05:26 Nerubian Tower
05:43 Slaughterhouse
06:11 Ziggurat
06:14 Black Citadel
06:32 Sacrificial Pit
06:38 Ziggurat
08:38 Boneyard
08:40 Boneyard
08:47 Ziggurat
15:39 Ziggurat
15:51 Ziggurat
19:54 Nerubian Tower
» items
| Rod of Necromancy | 1 | |
| Dust of Appearance | 1 | |
| Scroll of Town Portal | 2 | |
| Potion of Lesser Invulnerability | 1 | |
5 total
TheAnnouncer (
blue | 37 APM | 1303 actions | 34:48)
1 Paladin
1 Divine Shield
» actions
| Assign group hotkey | 3 | |
| Basic commands | 15 | |
| Build / train | 160 | |
| Enter build submenu | 135 | |
| Enter hero's abilities submenu | 1 | |
| Remove unit from queue | 8 | |
| Right click | 338 | |
| Select / deselect | 456 | |
| Select group hotkey | 12 | |
| Use ability | 175 | |
1303 total
» units
» upgrades
| Masonry | 3 | |
| Lumber Harvesting | 2 | |
5 total
» buildings
| Farm | 6 | |
| Scout Tower | 114 | |
| Lumber Mill | 39 | |
| Arcane Tower | 2 | |
| Guard Tower | 99 | |
| Keep | 1 | |
| Altar of Kings | 1 | |
| Castle | 1 | |
263 total
» build order
00:04 Farm
01:16 Farm
02:09 Scout Tower
02:11 Scout Tower
02:17 Lumber Mill
02:37 Arcane Tower
03:00 Farm
03:02 Guard Tower
03:42 Scout Tower
03:49 Scout Tower
04:26 Guard Tower
04:51 Scout Tower
05:03 Farm
05:20 Guard Tower
05:27 Scout Tower
05:33 Scout Tower
05:36 Scout Tower
05:48 Farm
06:00 Guard Tower
06:05 Arcane Tower
06:20 Guard Tower
06:27 Scout Tower
06:28 Scout Tower
06:48 Guard Tower
07:16 Guard Tower
07:19 Scout Tower
07:39 Keep
07:40 Guard Tower
07:54 Scout Tower
07:56 Scout Tower
08:06 Guard Tower
08:14 Farm
08:24 Scout Tower
08:33 Scout Tower
08:35 Scout Tower
08:38 Guard Tower
08:41 Scout Tower
08:42 Scout Tower
08:50 Scout Tower
08:52 Scout Tower
08:55 Scout Tower
09:00 Guard Tower
09:08 Guard Tower
09:23 Guard Tower
09:27 Guard Tower
09:28 Guard Tower
09:37 Scout Tower
09:39 Scout Tower
09:41 Scout Tower
09:48 Guard Tower
09:52 Guard Tower
10:13 Scout Tower
10:14 Guard Tower
10:17 Guard Tower
10:40 Guard Tower
10:45 Guard Tower
10:48 Scout Tower
10:49 Scout Tower
10:50 Scout Tower
10:52 Scout Tower
10:53 Scout Tower
10:57 Scout Tower
10:58 Scout Tower
11:06 Altar of Kings
11:13 Guard Tower
11:14 Guard Tower
11:18 Scout Tower
11:21 Scout Tower
11:22 Scout Tower
11:23 Scout Tower
11:28 Scout Tower
11:29 Scout Tower
11:32 Guard Tower
11:38 Guard Tower
11:47 Castle
11:56 Guard Tower
12:22 Guard Tower
12:25 Guard Tower
12:27 Scout Tower
12:29 Scout Tower
12:31 Scout Tower
12:32 Guard Tower
12:35 Scout Tower
12:53 Guard Tower
12:59 Guard Tower
13:18 Guard Tower
13:26 Guard Tower
13:32 Scout Tower
13:33 Scout Tower
13:35 Scout Tower
13:36 Scout Tower
13:49 Guard Tower
13:55 Guard Tower
14:00 Scout Tower
14:01 Scout Tower
14:03 Scout Tower
14:04 Scout Tower
14:16 Guard Tower
14:17 Guard Tower
14:38 Guard Tower
14:43 Guard Tower
14:45 Scout Tower
14:46 Scout Tower
14:49 Scout Tower
14:49 Scout Tower
15:01 Guard Tower
15:10 Guard Tower
15:29 Scout Tower
15:30 Scout Tower
15:31 Guard Tower
15:35 Guard Tower
15:39 Scout Tower
15:40 Scout Tower
15:43 Scout Tower
15:44 Scout Tower
15:53 Guard Tower
15:58 Guard Tower
16:02 Guard Tower
16:20 Guard Tower
16:26 Guard Tower
16:30 Guard Tower
16:45 Guard Tower
16:53 Guard Tower
17:19 Guard Tower
17:48 Guard Tower
17:54 Scout Tower
17:55 Scout Tower
17:59 Scout Tower
18:00 Scout Tower
18:00 Scout Tower
18:01 Scout Tower
18:03 Scout Tower
18:04 Scout Tower
18:05 Scout Tower
18:07 Scout Tower
18:07 Scout Tower
18:08 Scout Tower
18:10 Scout Tower
18:11 Scout Tower
18:11 Scout Tower
18:14 Scout Tower
18:15 Scout Tower
18:16 Scout Tower
18:17 Scout Tower
18:18 Scout Tower
18:19 Scout Tower
18:21 Scout Tower
18:24 Guard Tower
18:30 Guard Tower
18:30 Guard Tower
18:30 Guard Tower
18:33 Scout Tower
18:34 Guard Tower
18:35 Scout Tower
18:36 Guard Tower
18:39 Guard Tower
18:41 Guard Tower
18:41 Guard Tower
18:46 Guard Tower
18:54 Guard Tower
18:59 Guard Tower
19:01 Scout Tower
19:03 Scout Tower
19:07 Scout Tower
19:11 Scout Tower
19:12 Guard Tower
19:12 Guard Tower
19:14 Guard Tower
19:17 Guard Tower
19:29 Guard Tower
19:37 Guard Tower
19:43 Guard Tower
19:51 Scout Tower
19:56 Scout Tower
19:59 Guard Tower
20:25 Guard Tower
20:25 Guard Tower
20:34 Scout Tower
20:40 Scout Tower
20:42 Scout Tower
20:43 Scout Tower
20:47 Scout Tower
20:58 Scout Tower
21:03 Scout Tower
21:11 Scout Tower
21:15 Guard Tower
21:15 Guard Tower
21:17 Guard Tower
21:17 Guard Tower
21:26 Scout Tower
21:28 Scout Tower
21:42 Guard Tower
21:45 Scout Tower
21:46 Scout Tower
21:47 Scout Tower
21:50 Scout Tower
21:50 Scout Tower
21:57 Scout Tower
21:58 Guard Tower
21:58 Guard Tower
21:59 Guard Tower
22:04 Scout Tower
22:05 Scout Tower
22:08 Scout Tower
22:12 Scout Tower
22:13 Scout Tower
22:19 Scout Tower
22:20 Scout Tower
22:21 Guard Tower
22:21 Guard Tower
22:22 Guard Tower
22:24 Guard Tower
22:31 Guard Tower
22:38 Guard Tower
22:44 Guard Tower
22:52 Guard Tower
22:58 Guard Tower
23:14 Guard Tower
23:15 Scout Tower
25:42 Lumber Mill
25:44 Lumber Mill
25:47 Lumber Mill
25:49 Lumber Mill
25:54 Lumber Mill
26:00 Lumber Mill
26:02 Lumber Mill
26:08 Lumber Mill
26:12 Lumber Mill
26:26 Lumber Mill
26:32 Lumber Mill
26:43 Lumber Mill
26:45 Lumber Mill
26:49 Lumber Mill
26:54 Lumber Mill
26:57 Lumber Mill
26:59 Lumber Mill
27:07 Lumber Mill
27:09 Lumber Mill
27:13 Lumber Mill
27:17 Lumber Mill
27:20 Lumber Mill
27:25 Lumber Mill
27:44 Lumber Mill
27:49 Lumber Mill
27:53 Lumber Mill
27:58 Lumber Mill
28:05 Lumber Mill
28:14 Lumber Mill
28:31 Lumber Mill
28:50 Lumber Mill
29:03 Lumber Mill
29:36 Lumber Mill
29:41 Lumber Mill
31:18 Lumber Mill
31:21 Lumber Mill
31:23 Lumber Mill
31:26 Lumber Mill
BarceLona (
pink | 39 APM | 409 actions | 10:25)
4 Dark Ranger
1 Life Drain
2 Black Arrow
1 Silence
» actions
| Basic commands | 1 | |
| Build / train | 30 | |
| Enter build submenu | 11 | |
| Enter hero's abilities submenu | 4 | |
| Remove unit from queue | 1 | |
| Right click | 265 | |
| Select / deselect | 78 | |
| Use ability | 19 | |
409 total
» units
| Acolyte | 7 | |
| Ghoul | 4 | |
| Crypt Fiend | 5 | |
16 total
» upgrades
| Creature Attack | 1 | |
| Creature Carapace | 1 | |
| Web | 1 | |
3 total
» buildings
| Ziggurat | 4 | |
| Altar of Darkness | 2 | |
| Crypt | 1 | |
| Graveyard | 1 | |
| Tomb of Relics | 1 | |
| Halls of the Dead | 1 | |
| Spirit Tower | 2 | |
12 total
» build order
00:27 Ziggurat
00:30 Altar of Darkness
00:37 Altar of Darkness
00:43 Crypt
01:30 Graveyard
01:35 Tomb of Relics
03:05 Ziggurat
04:27 Halls of the Dead
04:33 Spirit Tower
05:09 Ziggurat
06:58 Spirit Tower
08:08 Ziggurat
» items
| Rod of Necromancy | 1 | |
| Scroll of Healing | 1 | |
2 total

»
Thebigdill (
orange | 54 APM | 806 actions | 15:03)
4 Keeper of the Grove
2 Entangling Roots
2 Thorns Aura
1 Dark Ranger
1 Black Arrow
» actions
| Assign group hotkey | 13 | |
| Basic commands | 31 | |
| Build / train | 59 | |
| ESC pressed | 5 | |
| Enter build submenu | 19 | |
| Enter hero's abilities submenu | 6 | |
| Right click | 386 | |
| Select / deselect | 187 | |
| Select group hotkey | 65 | |
| Use ability | 35 | |
806 total
» units
| Wisp | 17 | |
| Archer | 8 | |
| Huntress | 8 | |
| Crypt Fiend | 8 | |
41 total
» upgrades
| Strength of the Wild | 1 | |
| Strength of the Moon | 2 | |
| Moon Armor | 1 | |
| Marksmanship | 1 | |
| Upgrade Moon Glaive | 1 | |
| Improved Bows | 1 | |
| Burrow | 1 | |
| Creature Attack | 1 | |
| Creature Carapace | 1 | |
10 total
» buildings
| Altar of Elders | 1 | |
| Moon Well | 7 | |
| Ancient of War | 2 | |
| Hunter's Hall | 1 | |
| Tree of Ages | 1 | |
| Ancient Protector | 1 | |
| Tree of Eternity | 1 | |
| Tree of Life | 1 | |
| Crypt | 1 | |
| Ziggurat | 1 | |
17 total
» build order
00:09 Altar of Elders
00:21 Moon Well
00:26 Moon Well
01:20 Ancient of War
01:30 Moon Well
01:58 Hunter's Hall
03:07 Moon Well
04:29 Tree of Ages
04:41 Moon Well
05:57 Moon Well
06:23 Ancient Protector
07:13 Tree of Eternity
07:56 Ancient of War
08:45 Tree of Life
08:59 Moon Well
11:33 Crypt
11:43 Ziggurat
Chat log
(00:13 / All) TheAnnouncer: It's all for your entertainment!
(00:32 / All) TheAnnouncer: It's all for your entertainment!
(03:55 / Allies) BarceLona: green
(03:57 / Allies) BarceLona: my creep
(04:00 / Allies) Thebigdill: blue do u know how to play?
(04:00 / Allies) BarceLona: b
(04:01 / Allies) BarceLona: man
(04:03 / Allies) TheAnnouncer: yes
(04:11 / Allies) TheAnnouncer: It's all for your entertainment!
(04:12 / Allies) Thebigdill: why no altar?
(04:19 / Allies) TheAnnouncer: It's all for your entertainment!
(04:26 / Allies) Thebigdill: great....
(10:25 / All) TheAnnouncer: Pink is a fan of your entertainment!
(10:34 / All) TheAnnouncer: It's all for your entertainment!
(13:16 / All) TheAnnouncer: It's all for your entertainment!
(14:03 / Allies) Thebigdill: wtf green
(14:14 / All) TheAnnouncer: It's all for your entertainment!
(15:17 / All) TheAnnouncer: It's all for your entertainment!
(16:11 / All) TheAnnouncer: It's all for your entertainment!
(17:00 / All) TheAnnouncer: It's all for your entertainment!
(19:22 / Allies) TheAnnouncer: Wood, please.
(19:27 / All) TheAnnouncer: It's all for your entertainment!
(20:15 / Allies) TheAnnouncer: Peasant wallhacker? What.
(22:37 / Allies) TheAnnouncer: Wood, please.
(23:06 / Allies) TheAnnouncer: Wood, please.
(23:29 / All) TheAnnouncer: It's all for your entertainment!
(25:01 / Allies) TheAnnouncer: Wood, please.
(25:05 / All) TheAnnouncer: It's all for your entertainment!
(25:36 / All) TheAnnouncer: It's all for your entertainment!
(27:31 / All) TheAnnouncer: Have fun.
(27:36 / All) TheAnnouncer: It's all for your entertainment!
(29:18 / All) TheAnnouncer: Fight it like men.
(29:21 / All) TheAnnouncer: You homosexuals.
(29:26 / All) TheAnnouncer: It's all for your entertainment!
(30:28 / All) TheAnnouncer: Faggotjuicers.
(30:36 / All) TheAnnouncer: It's all for your entertainment!
(33:12 / All) TheAnnouncer: It's all for your entertainment!
(33:18 / All) TheAnnouncer: It's all for your entertainment!
(33:22 / All) TheAnnouncer: Were you entertained today?
(33:28 / All) TheAnnouncer: I was pleased to be your entertainer!
(33:33 / All) TheAnnouncer: It's all for your entertainment!
(33:37 / All) TheAnnouncer: It's all for your entertainment!
(33:41 / All) TheAnnouncer: It's all for your entertainment!
(33:42 / All) TimDawg: you are an idiot
(33:46 / All) TheAnnouncer: It's all for your entertainment!
(33:50 / All) TheAnnouncer: It's all for your entertainment!
(33:55 / All) TheAnnouncer: It's all for your entertainment!
(33:56 / All) TimDawg: kill yourself
(33:57 / All) TheAnnouncer: Purple is mad!
(33:59 / All) TheAnnouncer: Purple is mad!
(34:01 / All) TheAnnouncer: Purple is mad!
(34:02 / All) TimDawg: that would be entertaining
(34:06 / All) TheAnnouncer: Purple is mad!
(34:08 / All) TheAnnouncer: Purple is mad!
(34:11 / All) TheAnnouncer: Purple is mad!
(34:14 / All) TheAnnouncer: Purple is mad!
(34:16 / All) TheAnnouncer: Purple is mad!
(34:18 / All) TheAnnouncer: Purple is mad!
(34:20 / All) TheAnnouncer: Purple is mad!
(34:22 / All) TheAnnouncer: Purple is mad!
(34:27 / All) TheAnnouncer: It's all for your entertainment!
(34:34 / All) TheAnnouncer: It's all for your entertainment!
(34:36 / All) TheAnnouncer: Purple is mad!
(34:42 / All) TheAnnouncer: It's all for your entertainment!
(34:46 / All) TheAnnouncer: Purple is mad1